 Dungeon Crawl Stone Soup version 0.17-a0-2127-g1cb09f6 (webtiles) character file.

149 youngkai the Charlatan (level 5, 0/25 HPs)
             Began as a Spriggan Artificer on Oct 22, 2015.
             Slain by youngkai's ghost (1 damage)
             ... on level 3 of the Dungeon.
             The game lasted 00:08:17 (2478 turns).

youngkai the Charlatan (Spriggan Artificer)         Turns: 2478, Time: 00:08:17

Health: 0/25       AC:  3    Str:  7    XL:     5   Next: 9%
Magic:  0/9        EV: 20    Int: 13    God:
Gold:   72         SH:  0    Dex: 18    Spells: 0 memorised, 4 levels left

rFire  . . .     SeeInvis +     a - +0 short sword
rCold  . . .     Clarity  .     b - +0 robe
rNeg   . . .     SustAt   .     (shield restricted)
rPois  .         Gourm    .     (helmet restricted)
rElec  .         Spirit   +     q - +0 cloak
rCorr  .         Warding  .     (gloves unavailable)
rMut   .         Stasis   .     (boots unavailable)
MR     .....                    v - amulet of guardian spirit
Stlth  +++.......               (no ring)
                                g - ring of flight

@: very quick, not resistant to hostile enchantments, fairly stealthy
A: unfitting armour, see invisible, herbivore 3, speed 3, slow metabolism 2
a: Evoke Flight


You were on level 3 of the Dungeon.
You were not hungry.

You visited 1 branch of the dungeon, and saw 3 of its levels.

You collected 72 gold pieces.

Inventory:

Hand Weapons
 a - a +0 short sword (weapon)
Missiles
 n - 28 poisoned needles
Armour
 b - a +0 robe (worn)
 q - a +0 cloak (worn)
Jewellery
 g - a ring of flight (left hand)
 o - an uncursed amulet of stasis
 v - an amulet of guardian spirit (around neck)
Wands
 c - a wand of flame (8)
 d - a wand of enslavement (15)
 e - a wand of random effects (0)
Scrolls
 j - a scroll of identify
 l - a scroll of magic mapping {unknown}
 m - 2 scrolls of remove curse
 r - a scroll of random uselessness {unknown}
 s - a scroll of amnesia {unknown}
 u - a scroll of immolation {unknown}
 w - a scroll of blinking {unknown}
 x - a scroll of recharging {unknown}
Potions
 h - a potion of degeneration {unknown}
 i - a potion of curing
 p - a potion of poison {unknown}
Comestibles
 f - a bread ration
 k - 5 fruits
 t - a slice of pizza


   Skills:
 - Level 0.7 Fighting
 * Level 2.7 Short Blades
 + Level 4.4 Dodging
 * Level 4.3 Stealth
 + Level 5.2 Evocations


You had 4 spell levels left.
You didn't know any spells.

Dungeon Overview and Level Annotations

Branches:
Dungeon (3/15)

Altars:
Vehumet

Annotations:
D:3 youngkai's ghost, amateur SpAr


Innate Abilities, Weirdness & Mutations

You are tiny and cannot use many weapons and most armour.
You have supernaturally acute eyesight.
You are a herbivore.
You cover ground extremely quickly.
You need consume almost no food.


Message History

You are too injured to fight recklessly!
You are too injured to fight recklessly!
You are too injured to fight recklessly!
You are too injured to fight recklessly!
You are too injured to fight recklessly!
You are too injured to fight recklessly!
You hit youngkai's ghost.
Youngkai's ghost is moderately damaged.
Youngkai's ghost misses you.
You hit youngkai's ghost.
Youngkai's ghost is heavily damaged.
Youngkai's ghost misses you.
You closely miss youngkai's ghost.
Youngkai's ghost is heavily damaged.
Youngkai's ghost hits you.
* * * LOW HITPOINT WARNING * * *
You completely miss youngkai's ghost.
Youngkai's ghost is heavily damaged.
Youngkai's ghost hits you.
You die...

..#. ##.#. .... ... ### ..
#<# #. #...........#W#####+##
#........#..#.@......#
+........# .#........#
#........#...........##
#o.......#....$.......#######
#........#...................
#..o.o..##.......####....###
#....)..##........#
+.......##.##....## .##+##.
#.# ....#


You could see youngkai's ghost (invisible).

Vanquished Creatures
  Crazy Yiuf (D:2)
  Terence (D:2)
  An adder (D:2)
  3 gnolls (D:2)
  3 oozes
  A giant gecko (D:2)
  5 bats
  8 hobgoblins
  8 jackals
  6 kobolds
  2 giant newts (D:2)
  5 goblins
  2 rats (D:1)
46 creatures vanquished.

Notes
Turn   | Place    | Note
--------------------------------------------------------------
     0 | D:1      | youngkai the Spriggan Artificer began the quest for the Orb.
     0 | D:1      | Reached XP level 1. HP: 9/9 MP: 4/4
   382 | D:1      | Reached XP level 2. HP: 10/14 MP: 6/6
  1010 | D:1      | Reached XP level 3. HP: 4/17 MP: 7/7
  1458 | D:2      | Found a radiant altar of Vehumet.
  1629 | D:2      | Noticed Crazy Yiuf
  1635 | D:2      | Killed Crazy Yiuf
  1635 | D:2      | Reached skill level 5 in Evocations
  1690 | D:2      | Reached XP level 4. HP: 21/21 MP: 8/8
  2299 | D:2      | Noticed Terence
  2305 | D:2      | Killed Terence
  2305 | D:2      | Reached XP level 5. HP: 25/25 MP: 9/9
  2442 | D:3      | Noticed youngkai's ghost (amateur SpAr)
  2477 | D:3      | HP: 1/25 [youngkai's ghost (2)]
  2478 | D:3      | Slain by youngkai's ghost

Vault maps used:
D:1:      scummos_arrival_simple_crosswalls
D:2:      lemuel_crystal_altar, uniq_crazy_yiuf_cottage, uniq_terence
D:3:      overflow_temple_1_default

Action                   |  1- 3 |  4- 6 || total
-------------------------+-------+-------++-------
Melee: Short sword       |    95 |    90 ||   185
Evoke: Wand              |    12 |    10 ||    22
  Use: Scroll            |       |     2 ||     2
 Stab: Sleeping          |     5 |     3 ||     8
